[ AOE2 MATCH · #471920316 ]
UnrankedSaracens vs Persians
[ REPLAY ANALYSIS · EXTRACTED FROM THE RECORDED GAME ]
Feudal
—
Castle
—
Imperial
—
| APM avg | 29.7 |
| APM peak | 68 |
| eAPM avg | 17.1 |
| Villagers / military | 186 / 135 |
Focus
⚔️ 26.7% · 🌾 73.3%
Skirmisher ×74 · Mameluke ×33 · Scout Cavalry ×20 · Trebuchet (Packed) ×4 · Mangonel ×3 · Bombard Cannon ×1
Feudal
10:41
Castle
21:22
Imperial
38:49
| APM avg | 46.0 |
| APM peak | 98 |
| eAPM avg | 29.3 |
| Villagers / military | 194 / 359 |
Focus
⚔️ 51.9% · 🌾 48.1%
Scout Cavalry ×295 · Cavalry Archer ×39 · Archer ×16 · Spearman ×6 · Fishing Ship ×5 · Knight ×2
Feudal
8:27
Castle
24:41
Imperial
47:28
| APM avg | 42.6 |
| APM peak | 98 |
| eAPM avg | 16.6 |
| Villagers / military | 203 / 185 |
Focus
⚔️ 38.5% · 🌾 61.5%
Mangudai ×74 · Scout Cavalry ×60 · Skirmisher ×47 · Trade Cart ×4 · Trebuchet (Packed) ×4
Feudal
9:30
Castle
21:45
Imperial
49:21
| APM avg | 45.8 |
| APM peak | 94 |
| eAPM avg | 20.7 |
| Villagers / military | 153 / 322 |
Focus
⚔️ 33.9% · 🌾 66.1%
Scout Cavalry ×262 · Cavalry Archer ×36 · Mangudai ×13 · Monk ×4 · Trebuchet (Packed) ×3 · Mangonel ×2
Match map
Initial resources + every placement click. Lines = walls · curves = elevation contours. ◆ gold · ⬟ stone · ● berries · ✦ relic · ◌ wall gap
Inputs per minute
— PRAY4UKRAINE613 - - Chili
Build order — PRAY4UKRAINE613
First 150 of 415 actions detected
| 0:01 | Create | Villager (Male) |
| 0:04 | Build | House |
| 0:06 | Build | House |
| 0:20 | Create | Villager (Male) |
| 0:20 | Create | Villager (Male) |
| 0:39 | Create | Villager (Male) |
| 0:39 | Create | Villager (Male) |
| 1:32 | Create | Villager (Male) |
| 1:32 | Create | Villager (Male) |
| 1:50 | Build | Lumber Camp |
| 2:07 | Create | Villager (Male) |
| 2:23 | Create | Villager (Male) |
| 2:23 | Create | Villager (Male) |
| 2:59 | Create | Villager (Male) |
| 3:08 | Create | Villager (Male) |
| 3:36 | Create | Villager (Male) |
| 3:37 | Create | Villager (Male) |
| 3:58 | Build | House |
| 4:01 | Build | House |
| 4:05 | Create | Villager (Male) |
| 4:25 | Build | Mill |
| 4:29 | Build | Palisade Wall |
| 4:31 | Build | Palisade Wall |
| 4:31 | Build | Palisade Wall |
| 4:35 | Build | Palisade Wall |
| 4:38 | Create | Villager (Male) |
| 4:59 | Create | Villager (Male) |
| 5:35 | Create | Villager (Male) |
| 5:36 | Create | Villager (Male) |
| 5:46 | Create | Villager (Male) |
| 6:39 | Build | Mining Camp |
| 6:44 | Create | Villager (Male) |
| 7:07 | Create | Villager (Male) |
| 7:28 | Create | Villager (Male) |
| 7:47 | Create | Villager (Male) |
| 8:03 | Research | Feudal Age |
| 9:12 | Build | House |
| 10:13 | Create | Villager (Male) |
| 10:14 | Research | Loom |
| 10:29 | Build | Market |
| 10:34 | Create | Villager (Male) |
| 10:44 | Build | Blacksmith |
| 10:48 | Research | Loom |
| 11:33 | Research | Castle Age |
| 12:06 | Research | Double-Bit Axe |
| 12:49 | Build | House |
| 12:54 | Build | House |
| 13:20 | Build | Palisade Wall |
| 13:23 | Build | Palisade Wall |
| 13:39 | Create | Villager (Male) |
| 13:58 | Build | Mining Camp |
| 14:03 | Build | Palisade Gate |
| 14:07 | Build | House |
| 14:23 | Build | Castle |
| 14:49 | Create | Villager (Male) |
| 14:54 | Build | Palisade Gate |
| 15:01 | Create | Villager (Male) |
| 15:25 | Create | Villager (Male) |
| 15:32 | Create | Mameluke |
| 15:41 | Create | Villager (Male) |
| 15:45 | Research | Horse Collar |
| 16:03 | Create | Mameluke |
| 16:21 | Build | Farm |
| 16:31 | Create | Villager (Male) |
| 16:57 | Build | Town Center |
| 17:03 | Create | Villager (Male) |
| 17:03 | Create | Villager (Male) |
| 17:07 | Build | Farm |
| 17:29 | Create | Villager (Male) |
| 17:30 | Create | Mameluke |
| 17:33 | Build | Farm |
| 17:40 | Build | Farm |
| 17:42 | Build | Farm |
| 17:51 | Build | Farm |
| 18:03 | Create | Mameluke |
| 18:07 | Build | Farm |
| 18:21 | Create | Villager (Male) |
| 18:32 | Create | Villager (Male) |
| 18:45 | Create | Villager (Male) |
| 19:00 | Create | Villager (Male) |
| 19:22 | Create | Villager (Male) |
| 19:22 | Create | Villager (Male) |
| 19:34 | Create | Mameluke |
| 19:46 | Create | Villager (Male) |
| 20:15 | Create | Villager (Male) |
| 20:34 | Build | Farm |
| 20:35 | Create | Villager (Male) |
| 20:35 | Create | Villager (Male) |
| 20:39 | Build | Farm |
| 20:41 | Build | Farm |
| 21:02 | Build | Outpost |
| 21:06 | Create | Villager (Male) |
| 21:07 | Create | Villager (Male) |
| 21:12 | Build | Farm |
| 21:30 | Build | Castle |
| 21:46 | Create | Villager (Male) |
| 21:46 | Create | Villager (Male) |
| 21:51 | Build | Farm |
| 21:56 | Create | Villager (Male) |
| 22:03 | Build | Siege Workshop |
| 22:08 | Create | Mameluke |
| 22:14 | Build | Farm |
| 22:16 | Build | Farm |
| 22:19 | Build | Farm |
| 22:23 | Build | Farm |
| 22:26 | Build | Mill |
| 22:30 | Create | Villager (Male) |
| 23:02 | Build | Lumber Camp |
| 23:08 | Research | Fletching |
| 23:09 | Create | Villager (Male) |
| 23:17 | Build | Farm |
| 23:21 | Build | Farm |
| 23:25 | Research | Town Watch |
| 23:44 | Create | Mangonel |
| 23:45 | Create | Villager (Male) |
| 23:45 | Create | Villager (Male) |
| 23:49 | Build | Farm |
| 23:53 | Build | Farm |
| 24:04 | Create | Mameluke |
| 24:59 | Create | Mangonel |
| 25:00 | Create | Villager (Male) |
| 25:09 | Create | Villager (Male) |
| 25:10 | Create | Villager (Male) |
| 25:25 | Create | Mangonel |
| 25:32 | Build | Mining Camp |
| 25:38 | Research | Gold Mining |
| 25:50 | Create | Villager (Male) |
| 26:29 | Create | Mameluke |
| 27:29 | Research | Scale Barding Armor |
| 27:30 | Create | Villager (Male) |
| 27:30 | Create | Villager (Male) |
| 27:31 | Create | Villager (Male) |
| 28:09 | Research | Imperial Age |
| 28:16 | Create | Villager (Male) |
| 28:22 | Build | Outpost |
| 28:25 | Create | Mameluke |
| 28:28 | Create | Villager (Male) |
| 28:29 | Create | Villager (Male) |
| 28:44 | Build | Barracks |
| 28:49 | Research | Padded Archer Armor |
| 29:07 | Create | Mameluke |
| 29:51 | Build | Archery Range |
| 29:51 | Create | Villager (Male) |
| 29:51 | Create | Villager (Male) |
| 30:38 | Research | Chain Barding Armor |
| 30:41 | Create | Villager (Male) |
| 31:08 | Create | Villager (Male) |
| 31:16 | Build | Archery Range |
| 31:18 | Research | Elite Skirmisher (upgrade) |
| 31:19 | Create | Skirmisher |
Build order — Chili
First 150 of 818 actions detected
| 0:06 | Build | House |
| 0:10 | Build | House |
| 0:23 | Create | Villager (Male) |
| 0:23 | Create | Villager (Male) |
| 0:24 | Create | Villager (Male) |
| 0:24 | Create | Villager (Male) |
| 0:24 | Create | Villager (Male) |
| 1:38 | Create | Villager (Male) |
| 1:38 | Create | Villager (Male) |
| 2:02 | Build | Lumber Camp |
| 2:16 | Create | Villager (Male) |
| 2:16 | Create | Villager (Male) |
| 2:40 | Create | Villager (Male) |
| 3:09 | Create | Villager (Male) |
| 3:09 | Create | Villager (Male) |
| 3:18 | Build | House |
| 3:40 | Create | Villager (Male) |
| 4:11 | Build | Dock |
| 4:13 | Build | Palisade Wall |
| 4:15 | Build | Palisade Wall |
| 4:28 | Create | Villager (Male) |
| 4:42 | Create | Villager (Male) |
| 4:55 | Build | House |
| 4:56 | Create | Fishing Ship |
| 5:19 | Create | Villager (Male) |
| 5:40 | Create | Fishing Ship |
| 5:44 | Create | Villager (Male) |
| 6:23 | Create | Villager (Male) |
| 6:30 | Create | Fishing Ship |
| 6:38 | Build | House |
| 6:48 | Create | Villager (Male) |
| 7:15 | Create | Villager (Male) |
| 7:34 | Create | Villager (Male) |
| 7:37 | Create | Fishing Ship |
| 7:49 | Create | Fishing Ship |
| 8:37 | Research | Feudal Age |
| 9:07 | Build | Barracks |
| 9:23 | Build | Palisade Wall |
| 9:24 | Build | Palisade Wall |
| 9:25 | Build | Palisade Wall |
| 9:45 | Build | Mining Camp |
| 10:24 | Create | Villager (Male) |
| 10:41 | Age | Feudal Age |
| 10:44 | Build | Archery Range |
| 10:47 | Create | Spearman |
| 10:59 | Build | House |
| 11:00 | Build | House |
| 11:03 | Create | Villager (Male) |
| 11:21 | Create | Villager (Male) |
| 11:37 | Create | Archer |
| 11:37 | Create | Archer |
| 11:40 | Create | Spearman |
| 12:02 | Create | Villager (Male) |
| 12:07 | Build | Archery Range |
| 12:15 | Build | House |
| 12:17 | Create | Villager (Male) |
| 12:23 | Create | Spearman |
| 12:25 | Create | Archer |
| 12:43 | Create | Villager (Male) |
| 12:53 | Research | Loom |
| 13:02 | Create | Archer |
| 13:04 | Build | House |
| 13:12 | Create | Villager (Male) |
| 13:17 | Create | Archer |
| 13:38 | Create | Villager (Male) |
| 13:52 | Create | Archer |
| 13:52 | Create | Archer |
| 13:58 | Create | Villager (Male) |
| 14:00 | Build | Blacksmith |
| 14:08 | Create | Archer |
| 14:12 | Create | Villager (Male) |
| 14:24 | Create | Villager (Male) |
| 14:42 | Build | Palisade Wall |
| 14:47 | Create | Villager (Male) |
| 14:48 | Research | Fletching |
| 14:51 | Create | Spearman |
| 14:56 | Build | House |
| 14:59 | Build | Palisade Wall |
| 15:15 | Create | Villager (Male) |
| 15:18 | Create | Villager (Male) |
| 15:27 | Build | Mill |
| 15:43 | Create | Villager (Male) |
| 15:56 | Create | Archer |
| 15:56 | Create | Archer |
| 16:45 | Create | Archer |
| 16:45 | Create | Archer |
| 16:46 | Create | Villager (Male) |
| 16:57 | Build | Lumber Camp |
| 16:58 | Create | Villager (Male) |
| 17:11 | Create | Villager (Male) |
| 17:17 | Create | Archer |
| 17:20 | Create | Archer |
| 17:27 | Create | Villager (Male) |
| 17:33 | Build | Market |
| 17:44 | Create | Archer |
| 17:44 | Create | Archer |
| 17:45 | Create | Villager (Male) |
| 18:15 | Create | Villager (Male) |
| 18:18 | Build | House |
| 18:33 | Create | Villager (Male) |
| 18:36 | Build | House |
| 18:54 | Research | Castle Age |
| 19:10 | Build | Lumber Camp |
| 19:19 | Build | Lumber Camp |
| 19:50 | Research | Padded Archer Armor |
| 20:22 | Build | Stable |
| 20:46 | Research | Gold Mining |
| 20:48 | Research | Double-Bit Axe |
| 20:55 | Create | Spearman |
| 21:15 | Create | Spearman |
| 21:22 | Age | Castle Age |
| 21:26 | Build | Palisade Wall |
| 21:27 | Create | Cavalry Archer |
| 21:27 | Create | Cavalry Archer |
| 21:28 | Create | Villager (Male) |
| 21:28 | Create | Villager (Male) |
| 21:29 | Create | Cavalry Archer |
| 21:30 | Create | Cavalry Archer |
| 21:40 | Build | House |
| 21:41 | Build | Palisade Wall |
| 21:43 | Build | Palisade Wall |
| 21:50 | Create | Villager (Male) |
| 22:03 | Create | Villager (Male) |
| 22:04 | Research | Bodkin Arrow |
| 22:16 | Build | Town Center |
| 22:48 | Create | Villager (Male) |
| 22:51 | Research | Horse Collar |
| 23:03 | Create | Villager (Male) |
| 23:10 | Build | Mining Camp |
| 23:26 | Build | Farm |
| 23:31 | Create | Cavalry Archer |
| 23:31 | Create | Cavalry Archer |
| 23:36 | Create | Cavalry Archer |
| 23:38 | Create | Cavalry Archer |
| 23:38 | Create | Cavalry Archer |
| 23:41 | Create | Villager (Male) |
| 24:09 | Create | Cavalry Archer |
| 24:10 | Create | Villager (Male) |
| 24:17 | Research | Husbandry |
| 24:21 | Create | Villager (Male) |
| 24:34 | Build | University |
| 24:37 | Build | House |
| 24:38 | Build | House |
| 24:39 | Create | Cavalry Archer |
| 25:05 | Create | Villager (Male) |
| 25:06 | Create | Cavalry Archer |
| 25:06 | Create | Cavalry Archer |
| 25:18 | Build | Mining Camp |
| 25:25 | Create | Cavalry Archer |
| 25:34 | Build | Outpost |
Build order — Volrath
First 150 of 458 actions detected
| 0:01 | Create | Villager (Male) |
| 0:03 | Build | House |
| 0:04 | Build | House |
| 0:11 | Create | Villager (Male) ×3 |
| 1:26 | Create | Villager (Male) |
| 2:03 | Create | Villager (Male) |
| 2:03 | Create | Villager (Male) |
| 2:03 | Create | Villager (Male) |
| 2:16 | Create | Villager (Male) |
| 2:16 | Create | Villager (Male) |
| 2:47 | Build | Lumber Camp |
| 3:07 | Create | Villager (Male) |
| 3:12 | Build | House |
| 3:22 | Create | Villager (Male) |
| 3:42 | Create | Villager (Male) |
| 3:58 | Create | Villager (Male) |
| 4:56 | Create | Villager (Male) |
| 5:17 | Create | Villager (Male) |
| 5:33 | Build | Mill |
| 5:45 | Research | Loom |
| 6:15 | Research | Feudal Age |
| 6:51 | Create | Villager (Male) |
| 7:55 | Build | Barracks |
| 8:02 | Build | House |
| 8:27 | Age | Feudal Age |
| 8:28 | Research | Double-Bit Axe |
| 8:28 | Research | Double-Bit Axe |
| 8:36 | Create | Villager (Male) |
| 8:47 | Build | Mill |
| 9:13 | Create | Villager (Male) |
| 9:36 | Build | Stable |
| 9:37 | Create | Villager (Male) |
| 9:56 | Research | Horse Collar |
| 9:56 | Research | Horse Collar |
| 9:58 | Create | Villager (Male) |
| 9:58 | Create | Villager (Male) |
| 10:14 | Build | House |
| 10:18 | Build | House |
| 10:24 | Create | Scout Cavalry |
| 10:24 | Create | Scout Cavalry |
| 10:26 | Create | Villager (Male) |
| 10:38 | Build | Farm |
| 10:42 | Build | Farm |
| 11:04 | Create | Villager (Male) |
| 11:07 | Build | Farm |
| 11:23 | Create | Scout Cavalry |
| 11:40 | Create | Villager (Male) |
| 11:43 | Build | Farm |
| 11:51 | Create | Scout Cavalry |
| 11:52 | Create | Villager (Male) |
| 12:18 | Build | Mining Camp |
| 12:24 | Create | Villager (Male) |
| 12:26 | Create | Scout Cavalry |
| 12:48 | Create | Villager (Male) |
| 12:55 | Create | Scout Cavalry |
| 13:02 | Build | Farm |
| 13:04 | Build | Farm |
| 13:07 | Build | House |
| 13:09 | Build | House |
| 13:32 | Create | Villager (Male) |
| 13:33 | Create | Scout Cavalry |
| 13:49 | Create | Villager (Male) |
| 13:58 | Create | Villager (Male) |
| 14:03 | Create | Scout Cavalry |
| 14:15 | Build | Farm |
| 14:18 | Build | Farm |
| 14:23 | Build | Farm |
| 14:26 | Create | Villager (Male) |
| 14:28 | Create | Scout Cavalry |
| 14:44 | Build | Farm |
| 14:46 | Build | Farm |
| 14:47 | Build | Farm |
| 14:52 | Research | Bloodlines |
| 15:02 | Build | Blacksmith |
| 15:04 | Create | Villager (Male) |
| 15:04 | Create | Villager (Male) |
| 15:12 | Build | Farm |
| 15:30 | Build | Farm |
| 15:31 | Create | Villager (Male) |
| 15:54 | Research | Wheelbarrow |
| 15:55 | Research | Wheelbarrow |
| 16:09 | Create | Scout Cavalry |
| 16:09 | Create | Scout Cavalry |
| 16:28 | Create | Villager (Male) |
| 16:51 | Create | Scout Cavalry |
| 17:04 | Create | Scout Cavalry |
| 17:14 | Create | Scout Cavalry |
| 17:16 | Build | Stable |
| 17:29 | Build | Market |
| 17:36 | Create | Villager (Male) |
| 18:18 | Create | Villager (Male) |
| 18:19 | Create | Scout Cavalry |
| 18:51 | Create | Villager (Male) |
| 18:52 | Create | Scout Cavalry |
| 18:59 | Build | House |
| 19:11 | Create | Villager (Male) |
| 19:46 | Create | Villager (Male) |
| 20:09 | Create | Villager (Male) |
| 20:24 | Build | Mining Camp |
| 20:34 | Create | Villager (Male) |
| 20:46 | Build | Farm |
| 21:15 | Create | Villager (Male) |
| 22:01 | Research | Castle Age |
| 22:01 | Research | Castle Age |
| 22:09 | Build | Archery Range |
| 22:18 | Build | House |
| 22:22 | Build | House |
| 22:33 | Create | Scout Cavalry |
| 22:37 | Build | Palisade Wall |
| 22:49 | Build | Lumber Camp |
| 22:58 | Build | Archery Range |
| 23:12 | Research | Scale Barding Armor |
| 23:12 | Research | Scale Barding Armor |
| 23:26 | Create | Skirmisher |
| 23:26 | Create | Skirmisher |
| 23:35 | Build | Farm |
| 23:37 | Build | Farm |
| 23:48 | Create | Skirmisher |
| 23:48 | Create | Skirmisher |
| 24:27 | Create | Villager (Male) |
| 24:28 | Create | Skirmisher |
| 24:28 | Create | Skirmisher |
| 24:33 | Create | Skirmisher |
| 24:33 | Create | Skirmisher |
| 24:41 | Age | Castle Age |
| 24:45 | Build | Castle |
| 24:48 | Build | Lumber Camp |
| 25:25 | Create | Mangudai |
| 25:36 | Create | Mangudai |
| 25:50 | Research | Town Watch |
| 25:55 | Create | Mangudai |
| 25:56 | Create | Mangudai |
| 26:00 | Research | Fletching |
| 26:00 | Research | Fletching |
| 26:12 | Create | Villager (Male) |
| 26:12 | Create | Villager (Male) |
| 26:28 | Research | Husbandry |
| 26:28 | Research | Husbandry |
| 26:34 | Create | Villager (Male) |
| 26:34 | Create | Villager (Male) |
| 26:45 | Build | Mining Camp |
| 26:56 | Create | Villager (Male) |
| 27:13 | Build | University |
| 27:24 | Create | Mangudai |
| 27:31 | Create | Mangudai |
| 27:36 | Research | Bodkin Arrow |
| 27:36 | Research | Bodkin Arrow |
| 28:00 | Create | Villager (Male) |
| 28:00 | Create | Villager (Male) |
| 28:00 | Create | Villager (Male) |
Build order — MyNameIsLassen
First 150 of 627 actions detected
| 0:01 | Create | Villager (Male) |
| 0:02 | Create | Villager (Male) |
| 0:03 | Build | House |
| 0:04 | Build | House |
| 0:13 | Create | Villager (Male) |
| 0:13 | Create | Villager (Male) |
| 1:39 | Create | Villager (Male) |
| 1:39 | Create | Villager (Male) |
| 1:46 | Build | Mill |
| 2:05 | Create | Villager (Male) |
| 2:05 | Create | Villager (Male) |
| 2:37 | Create | Villager (Male) |
| 2:58 | Create | Villager (Male) |
| 2:58 | Create | Villager (Male) |
| 3:08 | Create | Villager (Male) |
| 3:08 | Create | Villager (Male) |
| 3:28 | Create | Villager (Male) |
| 3:48 | Create | Villager (Male) |
| 3:55 | Build | Lumber Camp |
| 4:44 | Create | Villager (Male) |
| 4:50 | Research | Loom |
| 4:52 | Build | House |
| 5:11 | Create | Villager (Male) |
| 5:35 | Create | Villager (Male) |
| 6:02 | Create | Villager (Male) |
| 6:29 | Create | Villager (Male) |
| 6:36 | Build | House |
| 6:50 | Create | Villager (Male) |
| 6:59 | Build | Mill |
| 7:12 | Research | Feudal Age |
| 8:39 | Build | Barracks |
| 8:46 | Create | Villager (Male) |
| 8:51 | Build | House |
| 9:30 | Age | Feudal Age |
| 9:40 | Build | Stable |
| 9:55 | Create | Villager (Male) |
| 10:11 | Research | Double-Bit Axe |
| 10:17 | Create | Villager (Male) |
| 10:19 | Build | House |
| 10:22 | Create | Villager (Male) |
| 10:24 | Create | Scout Cavalry |
| 10:24 | Create | Scout Cavalry |
| 10:42 | Create | Scout Cavalry |
| 10:45 | Research | Horse Collar |
| 10:49 | Build | Farm |
| 10:56 | Build | House |
| 10:58 | Build | Palisade Wall |
| 11:13 | Create | Villager (Male) |
| 11:13 | Create | Villager (Male) |
| 11:33 | Build | Blacksmith |
| 11:40 | Create | Villager (Male) |
| 11:53 | Build | Farm |
| 12:01 | Build | House |
| 12:03 | Create | Villager (Male) |
| 12:05 | Build | Palisade Wall |
| 12:11 | Create | Scout Cavalry |
| 12:13 | Build | Farm |
| 12:23 | Create | Villager (Male) |
| 12:45 | Build | Farm |
| 12:46 | Build | Farm |
| 12:52 | Build | House |
| 12:57 | Create | Villager (Male) |
| 12:57 | Create | Villager (Male) |
| 13:09 | Create | Scout Cavalry |
| 13:19 | Build | House |
| 13:27 | Build | Farm |
| 13:29 | Build | Farm |
| 13:42 | Create | Villager (Male) |
| 14:03 | Create | Scout Cavalry |
| 14:06 | Build | House |
| 14:13 | Build | Lumber Camp |
| 14:15 | Build | Farm |
| 14:19 | Build | Farm |
| 14:21 | Create | Villager (Male) |
| 14:21 | Create | Villager (Male) |
| 14:41 | Build | Palisade Wall |
| 14:43 | Create | Villager (Male) |
| 14:52 | Build | Farm |
| 14:58 | Create | Scout Cavalry |
| 15:01 | Build | Farm |
| 15:08 | Create | Villager (Male) |
| 15:26 | Create | Villager (Male) |
| 15:53 | Create | Villager (Male) |
| 15:56 | Build | Farm |
| 15:58 | Build | Farm |
| 15:59 | Build | Farm |
| 16:07 | Build | House |
| 16:08 | Build | House |
| 16:15 | Build | Market |
| 16:27 | Create | Villager (Male) |
| 16:47 | Build | Farm |
| 16:49 | Build | Farm |
| 16:52 | Build | House |
| 16:54 | Create | Villager (Male) |
| 17:20 | Create | Villager (Male) |
| 17:26 | Build | Mining Camp |
| 17:28 | Create | Villager (Male) |
| 17:37 | Build | Stone Wall |
| 17:46 | Build | Farm |
| 17:47 | Build | Farm |
| 17:50 | Build | Farm |
| 17:50 | Create | Villager (Male) |
| 17:52 | Build | House |
| 18:12 | Create | Villager (Male) |
| 18:26 | Build | House |
| 18:30 | Build | House |
| 19:05 | Research | Castle Age |
| 19:11 | Research | Gold Mining |
| 19:20 | Build | House |
| 19:44 | Build | Watch Tower |
| 19:52 | Research | Fletching |
| 20:41 | Build | Lumber Camp |
| 21:16 | Create | Villager (Male) |
| 21:21 | Build | Archery Range |
| 21:28 | Build | Archery Range |
| 21:45 | Age | Castle Age |
| 21:51 | Build | House |
| 21:59 | Research | Bodkin Arrow |
| 22:01 | Research | Padded Archer Armor |
| 22:07 | Research | Bloodlines |
| 22:09 | Research | Husbandry |
| 22:13 | Build | Archery Range |
| 22:16 | Create | Cavalry Archer |
| 22:16 | Create | Cavalry Archer |
| 22:36 | Create | Cavalry Archer |
| 22:36 | Create | Cavalry Archer |
| 22:48 | Create | Villager (Male) |
| 22:49 | Create | Villager (Male) |
| 22:57 | Create | Cavalry Archer |
| 23:29 | Build | Town Center |
| 23:41 | Create | Villager (Male) |
| 23:41 | Create | Villager (Male) |
| 23:43 | Research | Wheelbarrow |
| 23:47 | Create | Cavalry Archer |
| 23:47 | Create | Cavalry Archer |
| 24:12 | Create | Villager (Male) |
| 24:12 | Create | Villager (Male) |
| 24:14 | Create | Cavalry Archer |
| 24:14 | Create | Cavalry Archer |
| 24:31 | Create | Cavalry Archer |
| 24:45 | Create | Villager (Male) |
| 24:53 | Build | Siege Workshop |
| 24:55 | Build | House |
| 25:01 | Create | Cavalry Archer |
| 25:12 | Create | Cavalry Archer |
| 25:34 | Build | Mining Camp |
| 25:41 | Build | Mining Camp |
| 25:46 | Create | Mangonel |
| 25:49 | Create | Villager (Male) |
| 25:50 | Create | Villager (Male) |
Match timeline
| 4:11 | Chili · first_building Dock |
| 4:13 | Chili · wall_segment Palisade Wall x1 |
| 4:15 | Chili · wall_segment Palisade Wall x1 |
| 4:29 | PRAY4UKRAINE613 · wall_segment Palisade Wall x1 |
| 4:31 | PRAY4UKRAINE613 · wall_segment Palisade Wall x1 |
| 4:31 | PRAY4UKRAINE613 · wall_segment Palisade Wall x1 |
| 4:35 | PRAY4UKRAINE613 · wall_segment Palisade Wall x1 |
| 7:55 | Volrath · first_building Barracks |
| 8:27 | Volrath · age_up feudal |
| 8:39 | MyNameIsLassen · first_building Barracks |
| 9:07 | Chili · first_building Barracks |
| 9:23 | Chili · wall_segment Palisade Wall x1 |
| 9:24 | Chili · wall_segment Palisade Wall x1 |
| 9:25 | Chili · wall_segment Palisade Wall x1 |
| 9:30 | MyNameIsLassen · age_up feudal |
| 9:36 | Volrath · first_building Stable |
| 9:40 | MyNameIsLassen · first_building Stable |
| 10:41 | Chili · age_up feudal |
| 10:44 | Chili · first_building Archery Range |
| 10:58 | MyNameIsLassen · wall_segment Palisade Wall x6 |
| 11:14 | PRAY4UKRAINE613 · first_market_sell 100 stone |
| 11:15 | PRAY4UKRAINE613 · first_market_buy 100 food |
| 12:05 | MyNameIsLassen · wall_segment Palisade Wall x8 |
| 13:20 | PRAY4UKRAINE613 · wall_segment Palisade Wall x1 |
| 13:23 | PRAY4UKRAINE613 · wall_segment Palisade Wall x1 |
| 14:23 | PRAY4UKRAINE613 · first_building Castle |
| 14:41 | MyNameIsLassen · wall_segment Palisade Wall x12 |
| 14:42 | Chili · wall_segment Palisade Wall x3 |
| 14:59 | Chili · wall_segment Palisade Wall x1 |
| 17:37 | MyNameIsLassen · wall_segment Stone Wall x12 |
| 18:53 | Chili · first_market_buy 100 food |
| 18:53 | Chili · first_market_sell 100 wood |
| 20:22 | Chili · first_building Stable |
| 20:28 | Volrath · first_market_sell 500 wood |
| 20:31 | Volrath · first_market_buy 100 food |
| 21:21 | MyNameIsLassen · first_building Archery Range |
| 21:22 | Chili · age_up castle |
| 21:26 | Chili · wall_segment Palisade Wall x1 |
| 21:26 | MyNameIsLassen · first_market_buy 100 wood |
| 21:41 | Chili · wall_segment Palisade Wall x1 |
| 21:43 | Chili · wall_segment Palisade Wall x1 |
| 21:45 | MyNameIsLassen · age_up castle |
| 22:03 | PRAY4UKRAINE613 · first_building Siege Workshop |
| 22:09 | Volrath · first_building Archery Range |
| 22:37 | Volrath · wall_segment Palisade Wall x1 |
| 23:20 | MyNameIsLassen · first_market_sell 100 food |
| 24:41 | Volrath · age_up castle |
| 24:45 | Volrath · first_building Castle |
| 24:53 | MyNameIsLassen · first_building Siege Workshop |
| 28:44 | PRAY4UKRAINE613 · first_building Barracks |
| 29:51 | PRAY4UKRAINE613 · first_building Archery Range |
| 30:18 | MyNameIsLassen · first_building Monastery |
| 33:53 | Chili · first_building Castle |
| 38:49 | Chili · age_up imperial |
| 46:10 | Chili · first_building Monastery |
| 47:23 | MyNameIsLassen · first_building Castle |
| 47:28 | Volrath · age_up imperial |
| 49:21 | MyNameIsLassen · age_up imperial |
| 51:00 | Volrath · first_building Monastery |
| 52:04 | PRAY4UKRAINE613 · first_building Stable |
| 57:30 | PRAY4UKRAINE613 · first_building Monastery |
| 61:56 | Chili · tribute_sent a jugador 1 |
| 61:56 | Chili · tribute_sent a jugador 3 |
| 61:56 | Chili · tribute_sent a jugador 4 |
| 62:04 | Volrath · wall_segment Palisade Wall x1 |
| 62:06 | Volrath · wall_segment Palisade Wall x1 |
| 62:25 | Chili · tribute_sent a jugador 1 |
| 62:25 | Chili · tribute_sent a jugador 3 |
| 62:25 | Chili · tribute_sent a jugador 4 |
| 63:31 | Chili · tribute_sent a jugador 1 |
| 63:31 | Chili · tribute_sent a jugador 3 |
| 63:31 | Chili · tribute_sent a jugador 4 |
| 65:50 | PRAY4UKRAINE613 · resign |
[ AI ANALYSIS · 1 CREDIT ]
What really happened in this match?
Wolo.gg analyzes every decision: build order, eco, micro, common mistakes by bracket. Personalized analysis on WhatsApp or Discord in 30 seconds.
Civ guide
Saracens
Perfil
Jugador #10013832